 Dungeon Crawl Stone Soup version 0.28-a0-1447-ga5a8893891 (webtiles) character file.

Game seed: 15370230344911314607

52 shadowrider38 the Ruffian (level 3, -3/30 HPs)
             Began as a Draconian Transmuter on Jan 11, 2022.
             Slain by Terence (6 damage)
             ... on level 3 of the Dungeon.
             The game lasted 00:02:47 (2622 turns).

shadowrider38 the Ruffian (Draconian Transmuter)    Turns: 2622, Time: 00:02:48

Health: -3/30      AC:  6    Str: 12    XL:     3   Next: 60%
Magic:  5/6        EV: 12    Int: 15    God:
Gold:   114        SH:  0    Dex: 11    Spells: 5/6 levels left

rFire   . . .      SeeInvis .     - Unarmed
rCold   . . .      Faith    .   (no shield)
rNeg    . . .      Spirit   .   (armour unavailable)
rPois   .          Reflect  .   (helmet currently unavailable)
rElec   .          Harm     .   o - +0 cloak
rCorr   .          Rampage  .   (no gloves)
Will    .....                   (boots currently unavailable)
Stlth   +.........              (no amulet)
HPRegen 0.10/turn               (no ring)
MPRegen 0.10/turn               (no ring)

@: appendages (expiring)
A: horns 2, talons 2, AC +5, unfitting armour, cold-blooded
a: End Transformation


You were on level 3 of the Dungeon.
You had temporarily grown beastly horns and talons.
You visited 1 branch of the dungeon, and saw 3 of its levels.

You collected 114 gold pieces.

Inventory:

Hand Weapons
 j - a +1 short sword of electrocution
 m - the +2 Maxwell's thermic engine {flame, freeze}
   (You found it on level 2 of the Dungeon)

   It burns those it strikes, dealing additional fire damage.
   Big, fiery blades are also staple armaments of hydra-hunters.
   It freezes those it strikes, dealing additional cold damage.
   It can also slow down cold-blooded creatures.
   It becomes more effective when it hits something.
   This effect fades over time.
Missiles
 k - 25 stones
Armour
 o - a +0 cloak (worn)
Scrolls
 a - a scroll of enchant weapon {unknown}
 b - a scroll of silence {unknown}
 c - a scroll of teleportation {unknown}
 e - a scroll of brand weapon
 f - a scroll of immolation {unknown}
 n - a scroll of vulnerability {unknown}
Potions
 d - a potion of might
 g - 2 potions of curing {unknown}
 h - a potion of heal wounds {unknown}
 i - a potion of flight {unknown}
 l - a potion of degeneration {unknown}


   Skills:
 + Level 2.8 Fighting
 - Level 1.7 Dodging
 + Level 3.9 Unarmed Combat
 - Level 2.0 Spellcasting
 - Level 2.0 Transmutations


You had 5 spell levels left.
You knew the following spells:

 Your Spells              Type           Power      Damage    Failure   Level
a - Beastly Appendage     Tmut           14%        N/A       10%         1

Your spell library contained the following spells:

 Spells                   Type           Power      Damage    Failure   Level
 Wereblood                Tmut           7%         N/A       14%         2
 Spider Form              Tmut/Pois      4%         N/A       41%         3
 Ice Form                 Ice/Tmut       4%         N/A       82%         4


Dungeon Overview and Level Annotations

Branches:
Dungeon (3/15)

Altars:

Shops:
D:3 [(*[

Annotations:
D:2 1 runed translucent door, Crazy Yiuf
D:3 Terence


Innate Abilities, Weirdness & Mutations

You have temporarily grown beastly horns and talons.
Your plain brown scales are hard. (AC +5)
You cannot fit into any form of body armour.
You are cold-blooded and may be slowed by cold attacks.


Message History

Terence is nearby!
Terence is nearby!
Casting: Beastly Appendage (safe; 10% risk of failure)
Press: ? - help, Q - select action, (/) - cycle Dir - look around, f - activate You grow a pair of large bovine horns.
Your feet morph into talons.
Terence closely misses you.
You hit Terence but do no damage. Your kick misses Terence.
Terence barely misses you.
You hit Terence but do no damage. You headbutt Terence!
Terence is heavily wounded.
Terence drinks a potion.
Terence seems to grow stronger.
You barely miss Terence. You claw Terence.
Terence is heavily wounded.
Terence says, "Time to say good-bye..."
Terence hits you with a +0 short sword!
You hit Terence but do no damage.
Terence is heavily wounded.
Terence hits you with a +0 short sword.
You hit Terence but do no damage. Your kick misses Terence.
Terence is heavily wounded.
You hit Terence.
Terence is severely wounded.
Terence hits you but does no damage.
You hit Terence but do no damage. You claw Terence, but do no damage.
Terence is severely wounded.
Terence hits you with a +0 short sword!
* * * LOW HITPOINT WARNING * * *
Press: ? - help, v - describe, . - travel
Here: Terence, wielding a +0 short sword and wearing a +0 chain mail (severely wounded, strong)
The floor.
Unknown command.
Unknown command.
Unknown command.
Unknown command.
You hit Terence. Your kick misses Terence. Your headbutt misses Terence.
Your punch misses Terence.
Terence is almost dead.
Your transformation is almost over.
Terence hits you with a +0 short sword.
You die...

########## ........#
.......#### ###
....!..... #...
.........
#...############@.......
...............@.P.....
#.......######.P∩P....
###.#...#..####..PPP....
.....#.#................
###...∩...##############
.##..#.#..# .##.#...#.#
.##.......# .##......##


You could see Terence (strong).

Vanquished Creatures
  An adder (D:2)
  2 worms (D:2)
  2 ball pythons
  3 endoplasms
  A giant cockroach (D:1)
  3 goblins
  5 hobgoblins
  2 jackals (D:2)
  2 quokkas
  5 bats
  A frilled lizard (D:3)
  4 kobolds
  4 rats
35 creatures vanquished.

Notes
Turn   | Place    | Note
-------+----------+-------------------------------------------
     0 | D:1      | shadowrider38 the Draconian Transmuter began the quest for
                  | the Orb.
     0 | D:1      | Reached XP level 1. HP: 16/16 MP: 3/3
   198 | D:1      | Reached XP level 2. HP: 19/24 MP: 3/5
  1247 | D:2      | Reached XP level 3. HP: 25/30 MP: 4/6
  1801 | D:2      | Found the +2 Maxwell's thermic engine {flame, freeze}
  1935 | D:2      | Found a runed translucent door.
  1936 | D:2      | Noticed Crazy Yiuf
  2440 | D:3      | Found Fyack's Antique Weapon Shoppe.
  2453 | D:3      | Found Maryurch's Antique Armour Shoppe.
  2560 | D:3      | Found Xiduamis's Assorted Antiques.
  2608 | D:3      | Found Ozonofer's Antique Armour Shoppe.
  2613 | D:3      | Noticed Terence
  2622 | D:3      | Slain by Terence

Illustrated notes

Levels and vault maps discovered:
D:1:      saegor_arrival_under_anarchy, layout_basic
D:2:      layout_loops_ring, serial_bayou_pond_d, minmay_pentomino_o4,
          uniq_crazy_yiuf_cottage
D:3:      layout_basic, gup_sewer_entry_bubbles, serial_shops,
          nicolae_shop_advertising_works [nicolae_subvault_shop_adworks],
          nicolae_shop_overgrown_old_shop, nicolae_diamond_shop,
          nicolae_shop_behind_doors, uniq_terence

Skill      XL: |  1  2 |
---------------+-------+-----
Fighting       | 2 |  2.8
Dodging        | |  1.7
Unarmed Combat | |  3.9
Spellcasting   | |  2.0
Transmutations | |  2.0

Action                   || total
-------------------------++-------
Melee: Unarmed           ||    89
       Kick              ||    16
       Headbutt          ||    11
       Tailslap          ||     5
       Punch             ||     2
 Cast: Beastly Appendage ||    30
  Use: Scroll            ||     1
 Stab: Sleeping          ||     2
Armor: Skin              ||    19
Dodge: Dodged            ||    47

Table legend: (Time is in decaauts)
 A = Elapsed time spent in this place.
 B = Non-inter-level travel time spent in this place.
 C = Inter-level travel time spent in this place.
 D = Time resting spent in this place.
 E = Time spent auto-exploring this place.
 F = Levels seen in this place.
 G = Mean time per level.
                   A        B        C        D        E       F      G
               +--------+--------+--------+--------+--------+-----+--------+
         Total |   2616 |   2471 |    145 |    583 |   1635 |   3 |  872.0 |
       Dungeon |   2616 |   2471 |    145 |    583 |   1635 |   3 |  872.0 |
               +--------+--------+--------+--------+--------+-----+--------+

Top non-repeatable levels by time:
     D:2: 1689 daAuts
     D:1: 697 daAuts
     D:3: 229 daAuts
